 Dungeon Crawl Stone Soup version 0.29-a0-617-g7a6b98fccd (webtiles) character file.

Game seed: 4099556380225705799

2599 funkygono the Carver (level 9, -8/81 HPs)
             Began as a Minotaur Berserker on June 18, 2022.
             Was an Elder of Trog.
             Mangled by Duvessa
             ... wielding a +6 short sword of speed
              (20 damage)
             ... on level 7 of the Dungeon.
             The game lasted 00:16:16 (7820 turns).

funkygono the Carver (Minotaur Berserker)           Turns: 7820, Time: 00:16:17

Health: -8/81      AC: 12    Str: 26    XL:     9   Next: 33%
Magic:  8/8        EV: 10    Int:  4    God:    Trog [****..]
Gold:   385        SH:  0    Dex: 16    Spells: 8/8 levels left

rFire   . . .      SeeInvis .   a - +1 falchion (elec)
rCold   . . .      Faith    .   (no shield)
rNeg    . . .      Spirit   .   m - +0 chain mail
rPois   .          Reflect  .   (helmet restricted)
rElec   .          Harm     .   (no cloak)
rCorr   .          Rampage  .   p - +0 pair of gloves
Will    .....                   (no boots)
Stlth   ..........              (no amulet)
HPRegen 0.23/turn               y - +6 ring of dexterity
MPRegen 0.11/turn               (no ring)

@: on berserk cooldown, slowed, very slow
A: horns 2, retaliatory headbutt
a: Renounce Religion, Berserk, Trog's Hand, Brothers in Arms


You were on level 7 of the Dungeon.
You worshipped Trog.
Trog was greatly pleased with you.
You visited 1 branch of the dungeon, and saw 7 of its levels.
You also visited: Ossuary.

You collected 385 gold pieces.

Inventory:

Hand Weapons
 a - a +1 falchion of electrocution (weapon)
 l - a +0 shortbow of flaming
 o - a +2 spectral club
 q - a +2 falchion of holy wrath
 t - a +4 great sword
Missiles
 v - 2 throwing nets (quivered)
Armour
 b - a +0 animal skin
 e - a +0 ring mail
 h - the +1 leather armour "Quzytif" {rCorr}
   (You found it on level 2 of the Dungeon)

   rCorr:     It protects you from acid and corrosion.
 m - a +0 chain mail (worn)
 p - a +0 pair of gloves (worn)
Jewellery
 y - a +6 ring of dexterity (left hand)
Wands
 g - a wand of digging (6)
 k - a wand of charming (9)
 s - a wand of flame (18)
Scrolls
 c - 8 scrolls of identify
 d - 3 scrolls of teleportation
 w - 3 scrolls of summoning {unknown}
 x - a scroll of fog {unknown}
Potions
 f - 7 potions of curing
 i - 9 potions of lignification
 j - 2 potions of attraction
 n - a potion of invisibility
 r - a potion of mutation
 u - 2 potions of magic


   Skills:
 + Level 7.9 Fighting
 + Level 10.2 Long Blades
 + Level 8.6 Armour
 + Level 4.1 Dodging
 + Level 2.1 Stealth


You had 8 spell levels left.
You didn't know any spells.
Your spell library was empty.

Dungeon Overview and Level Annotations

Branches:
Dungeon (7/15)             Temple (0/1) D:5         Ossuary (visited)

Altars:
Hepliaklqana
Kikubaaqudgha
Nemelex Xobeh

Shops:
D:1 :   D:5 =

Annotations:
D:7 Duvessa


Innate Abilities, Weirdness & Mutations

You have a pair of horns on your head.
You reflexively headbutt those who attack you in melee.


Message History

Duvessa goes berserk!
You hit Duvessa. You punch Duvessa!
Duvessa is lightly wounded.
Duvessa hits you with a +6 short sword of speed.
You hit Duvessa.
Duvessa is moderately wounded.
Duvessa barely misses you.
You slash Duvessa!
Duvessa is heavily wounded.
Duvessa hits you with a +6 short sword of speed!
You slash Duvessa!
Duvessa is heavily wounded.
Duvessa hits you with a +6 short sword of speed! x2
You slash Duvessa! You headbutt Duvessa, but do no damage.
Duvessa is severely wounded.
Duvessa hits you with a +6 short sword of speed!
You barely miss Duvessa.
Duvessa is severely wounded.
Duvessa hits you with a +6 short sword of speed.
You hit Duvessa but do no damage. You headbutt Duvessa!
Duvessa is almost dead.
You are no longer berserk.
You are exhausted.
You feel yourself slow down.
Duvessa hits you with a +6 short sword of speed.
You hit Duvessa.
Duvessa is almost dead.
Duvessa hits you with a +6 short sword of speed!
* * * LOW HITPOINT WARNING * * *
Duvessa hits you with a +6 short sword of speed.
* * * LOW HITPOINT WARNING * * *
Duvessa hits you with a +6 short sword of speed!
* * * LOW HITPOINT WARNING * * *
You feel better.
Duvessa hits you with a +6 short sword of speed.
* * * LOW HITPOINT WARNING * * *
Duvessa hits you with a +6 short sword of speed.
* * * LOW HITPOINT WARNING * * *
Duvessa hits you with a +6 short sword of speed!!
You die...

......'.........'.
...##.#.........##
#.. #.##........## #
#.. #.###.....#.##
#.#.# #.# ##...##...
#.#.###.#####'######
#...........#.# #
###.###.###.#.#### #
#@# #.#........# #
#e# #.#.#....#.# #
... #.#........# #
..#..#.#......#.# #
#.# #.......#.##.# #
#. .#.#.#.#.. . ##
##....[.... ##
##########


You could see Duvessa (berserk).

Vanquished Creatures
  A shadow (D:7)
  2 water moccasins (D:6)
  2 phantoms
  2 centaurs
  2 elf zombies (Ossuary)
  A kobold brigand (D:6)
  A gnoll sergeant (D:7)
  5 scorpions
  5 wights (D:6)
  Dowan (D:7)
  A howler monkey (D:5)
  A centaur zombie (Ossuary)
  7 hounds
  3 jellies
  A human zombie (Ossuary)
  An orc priest (D:5)
  7 iguanas
  Ijyb (D:5)
  2 orc wizards
  2 mummies (Ossuary)
  14 gnolls
  5 adders
  A white imp (D:5)
  5 ufetubi
  3 adder zombies (Ossuary)
  A worm (D:3)
  2 dart slugs (D:3)
  17 orcs
  8 bats
  4 endoplasms
  3 giant cockroaches
  11 goblins
  4 hobgoblins
  4 quokkas
  6 ball pythons
  13 frilled lizards
  A goblin zombie (Ossuary)
  10 hobgoblin zombies (Ossuary)
  16 kobolds
  9 kobold zombies (Ossuary)
  8 orc zombies (Ossuary)
  6 rats
  A rat zombie (Ossuary)
200 creatures vanquished.

Vanquished Creatures (others)
  21 plants
21 creatures vanquished.

Grand Total: 221 creatures vanquished

Notes
Turn   | Place    | Note
-------+----------+-------------------------------------------
     0 | D:1      | funkygono the Minotaur Berserker began the quest for the
                  | Orb.
     0 | D:1      | Reached XP level 1. HP: 19/19 MP: 0/0
   402 | D:1      | Reached XP level 2. HP: 27/27 MP: 1/1
   504 | D:1      | Found Pupar's Book Shoppe.
   684 | D:1      | Reached skill level 4 in Long Blades
  1190 | D:2      | Reached XP level 3. HP: 33/33 MP: 2/2
  1256 | D:2      | Reached ** piety under Trog
  1337 | D:2      | Identified the +1 leather armour "Quzytif" {rCorr}
  1730 | D:2      | Found a faded altar of an unknown god.
  1915 | D:2      | Found a hazy altar of Hepliaklqana.
  2105 | D:3      | Reached XP level 4. HP: 36/40 MP: 3/3
  2236 | D:3      | Reached skill level 5 in Long Blades
  2731 | D:3      | Found an ancient bone altar of Kikubaaqudgha.
  3218 | D:4      | Reached XP level 5. HP: 47/47 MP: 4/4
  3259 | D:4      | Found a sparkling altar of Nemelex Xobeh.
  3357 | D:4      | Reached skill level 1 in Stealth
  3393 | D:4      | Noticed a centaur
  3408 | D:4      | Killed a centaur
  3409 | D:4      | Reached skill level 6 in Long Blades
  3409 | D:4      | Reached XP level 6. HP: 50/55 MP: 5/5
  3454 | D:4      | Reached skill level 5 in Fighting
  3937 | D:4      | Reached *** piety under Trog
  4376 | D:5      | Entered Level 5 of the Dungeon
  4394 | D:5      | Found a staircase to the Ecumenical Temple.
  4423 | D:5      | Reached XP level 7. HP: 61/61 MP: 6/6
  4460 | D:5      | Reached skill level 7 in Long Blades
  4579 | D:5      | Noticed Ijyb
  4590 | D:5      | Killed Ijyb
  4801 | D:5      | Found Herat's Jewellery Boutique.
  5234 | D:5      | Reached skill level 5 in Armour
  5660 | D:6      | Reached skill level 8 in Long Blades
  5660 | D:6      | Reached XP level 8. HP: 71/71 MP: 7/7
  6035 | D:6      | Reached skill level 9 in Long Blades
  6912 | D:6      | Reached XP level 9. HP: 79/79 MP: 8/8
  7167 | D:7      | Found a sand-covered staircase.
  7196 | Ossuary  | Entered an ossuary
  7322 | Ossuary  | Reached **** piety under Trog
  7754 | D:7      | Reached skill level 10 in Long Blades
  7806 | D:7      | Noticed Duvessa
  7806 | D:7      | Noticed Dowan
  7811 | D:7      | Killed Dowan
  7820 | D:7      | Mangled by Duvessa

Illustrated notes

Levels and vault maps discovered:
D:1:      minmay_arrival_loop, layout_loops_ring, serial_shops, shop_statue
D:2:      layout_loops_cross, shapermc_ecumenical_altar_mp_urbaneastern,
          basic_altar
D:3:      cheibrodos_old_hovel, layout_loops_ring,
          nicolae_kikubaaqudgha_miasma_corner
D:4:      layout_rooms, nemelex_xobeh_ov_fountains_minmay,
          chequers_serial_rivers_micro_e, grunt_decor_arrowhead,
          minmay_lizard_king
D:5:      layout_cave_pods, minmay_temple_entry_overgrown, serial_shops,
          nicolae_shop_waterfront, uniq_ijyb
D:6:      layout_layer_cave
D:7:      layout_loops_corners, chequers_ossuary_entry_cave, uniq_duvessa

Skill      XL: |  1  2  3  4  5  6  7  8  9 |
---------------+----------------------------+-----
Fighting       | 4 5 6 7 |  7.9
Long Blades    | 4 5 6 8 9 10 | 10.2
Armour         | 3 4 5 7 8 |  8.6
Stealth        | 1 2 |  2.1
Dodging        | 3 4 |  4.1

Action                   |  1- 3 |  4- 6 |  7- 9 || total
-------------------------+-------+-------+-------++-------
Melee: Falchion          |   105 |   127 |   283 ||   515
       Headbutt          |    16 |    20 |    49 ||    85
       Punch             |     1 |       |     2 ||     3
Invok: Berserk           |     1 |     6 |    10 ||    17
       Trog's Hand       |       |     1 |     6 ||     7
Evoke: Wand              |       |       |     1 ||     1
  Use: Scroll            |     8 |     7 |     2 ||    17
       Potion            |       |     1 |     1 ||     2
 Stab: Sleeping          |     1 |     2 |       ||     3
Armor: Animal skin       |     7 |       |       ||     7
       Ring mail         |    10 |       |       ||    10
       Leather armour    |     6 |    24 |       ||    30
       Chain mail        |       |    17 |   169 ||   186
Dodge: Dodged            |    58 |    76 |   159 ||   293

Table legend: (Time is in decaauts)
 A = Elapsed time spent in this place.
 B = Non-inter-level travel time spent in this place.
 C = Inter-level travel time spent in this place.
 D = Time resting spent in this place.
 E = Time spent auto-exploring this place.
 F = Levels seen in this place.
 G = Mean time per level.
                   A        B        C        D        E       F      G
               +--------+--------+--------+--------+--------+-----+--------+
         Total |   7945 |   7812 |    133 |    620 |   5628 |   8 |  993.1 |
       Dungeon |   7621 |   7488 |    133 |    576 |   5570 |   7 | 1088.7 |
       Ossuary |    323 |    323 |      0 |     44 |     58 |   1 |  323.0 |
               +--------+--------+--------+--------+--------+-----+--------+

Top non-repeatable levels by time:
     D:6: 1645 daAuts
     D:4: 1217 daAuts
     D:2: 1157 daAuts
     D:3: 1110 daAuts
     D:5: 1089 daAuts
     D:1: 963 daAuts
     D:7: 437 daAuts
 Ossuary: 323 daAuts
